| TOP OF THE 1ST |
|
Dayton Dragons batting - Pitching for South Bend Cubs : RHP Anastagio Fasola
|
|
Pitching: RHP Anastagio Fasola
|
|
|
Batting: LHB Matt Kennedy
|
0-0: Ball 1-0: Foul Ball, location: 2F 1-1: Foul Ball, location: 2F 1-2: Ball 2-2: Foul Ball, location: 2F 2-2: Ball 3-2: Strikes out swinging, 2-3 out at first.
|
|
Batting: LHB Leo Gomez
|
0-0: Called Strike 0-1: Swinging Strike 0-2: Foul Ball, location: 2F 0-2: SINGLE (Line Drive, 9S, EV 86.2 MPH)
|
|
Batting: RHB Andy Bachman
|
0-0: Ball 1-0: Called Strike Leo Gomez is caught stealing 2nd base 2-4 1-1: Called Strike 1-2: Foul Ball, location: 2F 1-2: Strikes out looking
|
| Top of the 1st over - 0 runs, 1 hit, 0 errors, 0 left on base; Dayton 0 - South Bend 0 |
| BOTTOM OF THE 1ST |
|
South Bend Cubs batting - Pitching for Dayton Dragons : LHP Jason St. Clair
|
|
Pitching: LHP Jason St. Clair
|
|
|
Batting: RHB Andy Huntley
|
0-0: Foul Ball, location: 2F 0-1: Swinging Strike 0-2: Foul Ball, location: 2F 0-2: Ball 1-2: Ball 2-2: Strikes out looking
|
|
Batting: LHB Kwang-chih Men
|
0-0: Called Strike 0-1: Swinging Strike 0-2: Foul Ball, location: 2F 0-2: Ball 1-2: Ball 2-2: Foul Ball, location: 2F 2-2: Foul Ball, location: 2F 2-2: Strikes out looking
|
|
Batting: RHB Taylor Garofalo
|
0-0: Swinging Strike 0-1: Ball 1-1: Foul Ball, location: 2F 1-2: Ground out 4-3 (Groundball, 4, EV 97.5 MPH)
|
| Bottom of the 1st over - 0 runs, 0 hits, 0 errors, 0 left on base; Dayton 0 - South Bend 0 |
| TOP OF THE 2ND |
|
Dayton Dragons batting - Pitching for South Bend Cubs : RHP Anastagio Fasola
|
|
Batting: LHB Chris Redhead
|
0-0: Called Strike 0-1: Ball 1-1: Called Strike 1-2: Ball 2-2: Fly out, F8 (Flyball, 8RD, EV 106.2 MPH)
|
|
Batting: RHB Mark Williams
|
0-0: Called Strike 0-1: SOLO HOME RUN (Flyball, 7LD, EV 103.8 MPH), Distance : 366 ft
|
|
Batting: LHB Ray Walden
|
0-0: Called Strike 0-1: Ball 1-1: Swinging Strike 1-2: Strikes out looking
|
|
Batting: RHB Juan Zamora
|
0-0: Ball 1-0: Foul Ball, location: 2F 1-1: Ball 2-1: SINGLE (Line Drive, 78S, EV 93.8 MPH)
|
|
Batting: RHB Ernie Maldonado
|
0-0: Ball 1-0: Called Strike Juan Zamora steals 2nd base 1-1: Ball 2-1: Ball 3-1: Fly out, F8 (Flyball, 8RD, EV 106.9 MPH)
|
| Top of the 2nd over - 1 run, 2 hits, 0 errors, 1 left on base; Dayton 1 - South Bend 0 |
| BOTTOM OF THE 2ND |
|
South Bend Cubs batting - Pitching for Dayton Dragons : LHP Jason St. Clair
|
|
Batting: RHB Roy Battist
|
0-0: Foul Ball, location: 2F 0-1: Foul Ball, location: 2F 0-2: Strikes out swinging
|
|
Batting: RHB Han-seung Hah
|
0-0: Hit by Pitch
|
|
Batting: RHB Juan Bonilla
|
0-0: Called Strike 0-1: Foul Ball, location: 2F 0-2: Foul Ball, location: 2F 0-2: Foul Ball, location: 2F 0-2: Strikes out looking
|
|
Batting: RHB Dylan Burke
|
0-0: Ball 1-0: DOUBLE (Line Drive, 89D, EV 106.9 MPH) Han-seung Hah to third Runner from 3rd tries for Home, throw by CF and OUT! 8-4-2
|
| Bottom of the 2nd over - 0 runs, 1 hit, 0 errors, 1 left on base; Dayton 1 - South Bend 0 |
| TOP OF THE 3RD |
|
Dayton Dragons batting - Pitching for South Bend Cubs : RHP Anastagio Fasola
|
|
Batting: RHB Yutaka Sato
|
0-0: Called Strike 0-1: Swinging Strike 0-2: Ball 1-2: Foul Ball, location: 2F 1-2: Foul Ball, location: 2F 1-2: Ball 2-2: Strikes out looking
|
|
Batting: LHB Matt Kennedy
|
0-0: Ground out 6-3 (Groundball, 6M, EV 85.0 MPH)
|
|
Batting: LHB Leo Gomez
|
0-0: Ball 1-0: Foul Ball, location: 2F 1-1: Ball 2-1: Called Strike 2-2: Fly out, F7 (Flyball, 7, EV 86.9 MPH)
|
| Top of the 3rd over - 0 runs, 0 hits, 0 errors, 0 left on base; Dayton 1 - South Bend 0 |
| BOTTOM OF THE 3RD |
|
South Bend Cubs batting - Pitching for Dayton Dragons : LHP Jason St. Clair
|
|
Batting: LHB Adam Conover
|
0-0: SINGLE (Groundball, 4MD, EV 100.6 MPH)
|
|
Batting: RHB Hugo Torrez
|
0-0: Swinging Strike Passed Ball! Adam Conover to second 0-1: Called Strike 0-2: Ball 1-2: Foul Ball, location: 2F 1-2: Strikes out swinging
|
|
Batting: RHB Andy Huntley
|
0-0: Ball 1-0: Ball 2-0: Ball 3-0: Foul Ball, location: 2F 3-1: Called Strike 3-2: Strikes out swinging
|
|
Batting: LHB Kwang-chih Men
|
0-0: Called Strike 0-1: Foul Ball, location: 2F 0-2: Ball 1-2: Foul Ball, location: 2F 1-2: Strikes out looking
|
| Bottom of the 3rd over - 0 runs, 1 hit, 0 errors, 1 left on base; Dayton 1 - South Bend 0 |
| TOP OF THE 4TH |
|
Dayton Dragons batting - Pitching for South Bend Cubs : RHP Anastagio Fasola
|
|
Batting: RHB Andy Bachman
|
0-0: Called Strike 0-1: Ball 1-1: Ball 2-1: Ball 3-1: Called Strike 3-2: Base on Balls
|
|
Batting: LHB Chris Redhead
|
0-0: Fielders Choice at 2nd, 6-4 (Groundball, 6MS, EV 87.5 MPH)
|
|
Batting: RHB Mark Williams
|
0-0: Called Strike 0-1: Ball 1-1: Called Strike 1-2: Strikes out swinging
|
|
Batting: LHB Ray Walden
|
0-0: Swinging Strike 0-1: Ball 1-1: SINGLE (Flyball, 4MD, EV 95.6 MPH) Chris Redhead to second
|
|
Batting: RHB Juan Zamora
|
0-0: Ground out 4-3 (Groundball, 4S, EV 85.0 MPH)
|
| Top of the 4th over - 0 runs, 1 hit, 0 errors, 2 left on base; Dayton 1 - South Bend 0 |
| BOTTOM OF THE 4TH |
|
South Bend Cubs batting - Pitching for Dayton Dragons : LHP Jason St. Clair
|
|
Batting: RHB Taylor Garofalo
|
0-0: Called Strike 0-1: Reached on error, E4 (Groundball, 4, EV 79.4 MPH)
|
|
Batting: RHB Roy Battist
|
0-0: Called Strike 0-1: Ball 1-1: Called Strike 1-2: Strikes out looking
|
|
Batting: RHB Han-seung Hah
|
0-0: Fly out, F9 (Line Drive, 9, EV 91.2 MPH)
|
|
Batting: RHB Juan Bonilla
|
0-0: Swinging Strike 0-1: Foul Ball, location: 2F Pickoff Throw to First - Out! 1-3
|
| Bottom of the 4th over - 0 runs, 0 hits, 1 error, 0 left on base; Dayton 1 - South Bend 0 |
| TOP OF THE 5TH |
|
Dayton Dragons batting - Pitching for South Bend Cubs : RHP Anastagio Fasola
|
|
Batting: RHB Ernie Maldonado
|
0-0: Swinging Strike 0-1: Ball 1-1: Ball 2-1: Foul Ball, location: 2F 2-2: Strikes out looking
|
|
Batting: RHB Yutaka Sato
|
0-0: Foul Ball, location: 2F 0-1: Foul Ball, location: 2F 0-2: SINGLE (Line Drive, 78S, EV 106.9 MPH)
|
|
Batting: LHB Matt Kennedy
|
0-0: Ball 1-0: Ball 2-0: Called Strike 2-1: Fly out, F9 (Line Drive, 9S, EV 84.4 MPH)
|
|
Batting: LHB Leo Gomez
|
0-0: Ground out 4-3 (Groundball, 4, EV 104.4 MPH)
|
| Top of the 5th over - 0 runs, 1 hit, 0 errors, 1 left on base; Dayton 1 - South Bend 0 |
| BOTTOM OF THE 5TH |
|
South Bend Cubs batting - Pitching for Dayton Dragons : LHP Jason St. Clair
|
|
Batting: RHB Juan Bonilla
|
0-0: Foul Ball, location: 2F 0-1: Ball 1-1: Called Strike 1-2: SINGLE (Groundball, 34D, EV 100.0 MPH)
|
|
Batting: RHB Dylan Burke
|
0-0: Foul Ball, location: 2F 0-1: Ball 1-1: Fly out, F4 (Line Drive, 4, EV 63.8 MPH)
|
|
Pinch Hitting: RHB Puluke Konane
|
0-0: Ball 1-0: Grounds into double play, 6-4-3 (Groundball, 6, EV 104.4 MPH)
|
| Bottom of the 5th over - 0 runs, 1 hit, 0 errors, 0 left on base; Dayton 1 - South Bend 0 |
| TOP OF THE 6TH |
|
Dayton Dragons batting - Pitching for South Bend Cubs : RHP Anastagio Fasola
|
|
Pitching: RHP Trevor Woodbury
|
|
|
Now at 3B: Hiroki Yamamoto
|
|
|
Batting: RHB Andy Bachman
|
0-0: Ball 1-0: Foul Ball, location: 2F 1-1: Ball 2-1: TRIPLE (Flyball, 89XD, EV 95.0 MPH)
|
|
Pitching: LHP Tom Mooney
|
|
|
Batting: LHB Chris Redhead
|
0-0: Foul Ball, location: 2F 0-1: Ball 1-1: Called Strike 1-2: Strikes out swinging
|
|
Batting: RHB Mark Williams
|
0-0: Ground out 4-3 (Groundball, 4MS, EV 65.0 MPH)
|
|
Batting: LHB Ray Walden
|
0-0: Swinging Strike 0-1: Called Strike 0-2: Ball 1-2: Strikes out swinging
|
| Top of the 6th over - 0 runs, 1 hit, 0 errors, 1 left on base; Dayton 1 - South Bend 0 |
| BOTTOM OF THE 6TH |
|
South Bend Cubs batting - Pitching for Dayton Dragons : LHP Jason St. Clair
|
|
Batting: RHB Hugo Torrez
|
0-0: Called Strike 0-1: Foul Ball, location: 2F 0-2: Foul Ball, location: 2F 0-2: Foul Ball, location: 2F 0-2: Ball 1-2: Strikes out looking
|
|
Batting: RHB Andy Huntley
|
0-0: Ball 1-0: Called Strike 1-1: Ball 2-1: DOUBLE (Groundball, 5L, EV 109.4 MPH)
|
|
Batting: LHB Kwang-chih Men
|
0-0: Ball 1-0: Foul Ball, location: 2F 1-1: Ball Wild Pitch! Andy Huntley to third 2-1: Called Strike 2-2: Strikes out swinging
|
|
Batting: RHB Taylor Garofalo
|
0-0: Fly out, F9 (Flyball, 9, EV 82.5 MPH)
|
| Bottom of the 6th over - 0 runs, 1 hit, 0 errors, 1 left on base; Dayton 1 - South Bend 0 |
| TOP OF THE 7TH |
|
Dayton Dragons batting - Pitching for South Bend Cubs : LHP Tom Mooney
|
|
Batting: RHB Juan Zamora
|
0-0: Ground out 6-3 (Groundball, 6, EV 92.5 MPH)
|
|
Batting: RHB Ernie Maldonado
|
0-0: Called Strike 0-1: Ball 1-1: Ball 2-1: Ground out 5-3 (Groundball, 56S, EV 94.4 MPH)
|
|
Batting: RHB Yutaka Sato
|
0-0: Called Strike 0-1: Foul Ball, location: 2F 0-2: Fly out, F8 (Flyball, 8RS, EV 86.9 MPH)
|
| Top of the 7th over - 0 runs, 0 hits, 0 errors, 0 left on base; Dayton 1 - South Bend 0 |
| BOTTOM OF THE 7TH |
|
South Bend Cubs batting - Pitching for Dayton Dragons : LHP Jason St. Clair
|
|
Now at 2B: Jeremy Robertson
|
|
|
Now at SS: Juan Zamora
|
|
|
Batting: RHB Roy Battist
|
0-0: Ball 1-0: Swinging Strike 1-1: Ball 2-1: Called Strike 2-2: Strikes out swinging
|
|
Batting: RHB Han-seung Hah
|
0-0: Ball 1-0: Foul Ball, location: 2F 1-1: Ball 2-1: Ball 3-1: Foul Ball, location: 2F 3-2: Base on Balls
|
|
Pitching: RHP Brian Trejo
|
|
|
Batting: RHB Juan Bonilla
|
0-0: Called Strike 0-1: Fly out, F3 (Popup, 3SF, EV 84.4 MPH)
|
|
Batting: RHB Dylan Burke
|
0-0: Ball 1-0: Foul Ball, location: 2F 1-1: Ball 2-1: Foul Ball, location: 2F 2-2: Foul Ball, location: 2F 2-2: Fielders Choice at 2nd, 6-4 (Groundball, 56, EV 108.8 MPH)
|
| Bottom of the 7th over - 0 runs, 0 hits, 0 errors, 1 left on base; Dayton 1 - South Bend 0 |
| TOP OF THE 8TH |
|
Dayton Dragons batting - Pitching for South Bend Cubs : LHP Tom Mooney
|
|
Pitching: LHP Eddie Panagos
|
|
|
Pinch Hitting: RHB Jake Savell
|
0-0: Ball 1-0: Swinging Strike 1-1: Ball 2-1: Ground out 2-3 (Groundball, 2L, EV 72.5 MPH)
|
|
Batting: LHB Leo Gomez
|
0-0: Ball 1-0: Called Strike 1-1: Swinging Strike 1-2: Strikes out swinging
|
|
Batting: RHB Andy Bachman
|
0-0: Called Strike 0-1: Swinging Strike 0-2: Strikes out swinging
|
| Top of the 8th over - 0 runs, 0 hits, 0 errors, 0 left on base; Dayton 1 - South Bend 0 |
| BOTTOM OF THE 8TH |
|
South Bend Cubs batting - Pitching for Dayton Dragons : RHP Brian Trejo
|
|
Now in RF: Tim Kirk
|
|
|
Batting: LHB Hiroki Yamamoto
|
0-0: Ball 1-0: Called Strike 1-1: Ball 2-1: Fly out, F9 (Flyball, 89M, EV 96.9 MPH)
|
|
Batting: RHB Hugo Torrez
|
0-0: Fly out, F9 (Flyball, 89D, EV 108.8 MPH)
|
|
Batting: RHB Andy Huntley
|
0-0: Ball 1-0: Ball 2-0: Foul Ball, location: 2F 2-1: Ball 3-1: Called Strike 3-2: Foul Ball, location: 2F 3-2: Strikes out swinging
|
| Bottom of the 8th over - 0 runs, 0 hits, 0 errors, 0 left on base; Dayton 1 - South Bend 0 |
| TOP OF THE 9TH |
|
Dayton Dragons batting - Pitching for South Bend Cubs : LHP Eddie Panagos
|
|
Pinch Hitting: RHB Chris Zamora
|
0-0: Ball 1-0: Ball 2-0: Ground out 5-3 (Groundball, 56, EV 81.2 MPH)
|
|
Batting: LHB Jeremy Robertson
|
0-0: Foul Ball, location: 2F 0-1: Ball 1-1: Ball 2-1: Called Strike 2-2: Strikes out swinging
|
|
Pinch Hitting: RHB Aaron Barraza
|
0-0: Ball 1-0: Ball 2-0: SINGLE (Line Drive, 89M, EV 94.4 MPH)
|
|
Batting: RHB Juan Zamora
|
0-0: Fly out, F3 (Line Drive, 3, EV 70.0 MPH)
|
| Top of the 9th over - 0 runs, 1 hit, 0 errors, 1 left on base; Dayton 1 - South Bend 0 |
| BOTTOM OF THE 9TH |
|
South Bend Cubs batting - Pitching for Dayton Dragons : RHP Brian Trejo
|
|
Pitching: RHP Juan Hernandez
|
|
|
Now at 1B: Yutaka Sato
|
|
|
Now at 3B: Chris Zamora
|
|
|
Now in LF: Gabe Morales
|
|
|
Batting: LHB Kwang-chih Men
|
0-0: Ball 1-0: Called Strike 1-1: Swinging Strike 1-2: Strikes out swinging
|
|
Batting: RHB Taylor Garofalo
|
0-0: Ball 1-0: Foul Ball, location: 2F 1-1: Called Strike 1-2: Ball 2-2: SINGLE (Line Drive, 4D, EV 101.9 MPH)
|
|
Batting: RHB Roy Battist
|
0-0: Ball 1-0: Ball Balk! Taylor Garofalo to second 2-0: Ball 3-0: Called Strike 3-1: Base on Balls
|
|
Batting: RHB Han-seung Hah
|
0-0: Ball 1-0: Called Strike 1-1: Called Strike 1-2: Strikes out swinging
|
|
Batting: RHB Juan Bonilla
|
0-0: Ball 1-0: Swinging Strike 1-1: Called Strike 1-2: Strikes out swinging
|
| Bottom of the 9th over - 0 runs, 1 hit, 0 errors, 2 left on base; Dayton 1 - South Bend 0 |
|